 Dungeon Crawl Stone Soup version 0.21.1-1-g345015fe64 (webtiles) character file.

6393 Alh the Cruncher (level 10, 0/84 HPs)
             Began as a Centaur Gladiator on July 9, 2018.
             Was a Believer of Wu Jian.
             Shot with an arrow by a centaur (6 damage)
             ... on level 9 of the Dungeon.
             The game lasted 01:25:11 (8934 turns).

Alh the Cruncher (Centaur Gladiator)                Turns: 8934, Time: 01:25:12

Health: 0/84       AC:  9    Str: 18    XL:     10   Next: 66%
Magic:  10/10      EV: 12    Int: 10    God:    Wu Jian [**....]
Gold:   340        SH:  0    Dex: 22    Spells: 9/9 levels left

rFire    + . .     SeeInvis .   q - +3 quarterstaff (chaos)
rCold    x . .     Gourm    .   (shield currently unavailable)
rNeg     . . .     Faith    .   d - +0 ring mail of Birdsong {Dex+9}
rPois    .         Spirit   .   s - +2 helmet
rElec    .         Reflect  .   (no cloak)
rCorr    .         Harm     .   (no gloves)
MR       .....                  (no barding)
Stlth    ++........             (no amulet)
HPRegen  0.24/turn              g - +3 ring of intelligence
MPRegen  0.12/turn              j - ring of fire

@: very quick
A: large, hooves 3, deformed body, speed 2, tough skin 3
a: Wall Jump, Renounce Religion


You were on level 9 of the Dungeon.
You worshipped Wu Jian.
Wu Jian was pleased with you.
You were hungry.

You visited 2 branches of the dungeon, and saw 10 of its levels.
You also visited: Sewer and Ossuary.

You collected 592 gold pieces.
You spent 252 gold pieces at shops.

Inventory:

Hand Weapons
 a - a +0 war axe
 q - a +3 quarterstaff of chaos (weapon)
 J - a +0 shortbow
Missiles
 K - 126 arrows
Armour
 b - a +0 leather armour
 d - the +0 ring mail of Birdsong (worn) {Dex+9}
   (You bought it in a shop on level 4 of the Dungeon)

   It affects your dexterity (+9).
 p - a +0 scale mail
 r - a +0 cloak
 s - a +2 helmet (worn)
 A - a +2 hat
Jewellery
 g - a +3 ring of intelligence (left hand)
 j - a ring of fire (right hand)
 L - an uncursed amulet of magic regeneration
Wands
 w - a wand of enslavement (14)
Scrolls
 c - a scroll of fog {unknown}
 e - 4 scrolls of teleportation
 m - 11 scrolls of remove curse
 o - a scroll of identify
 x - a scroll of amnesia
 y - a scroll of magic mapping {unknown}
 B - a scroll of fear {unknown}
 D - a scroll of blinking
 G - a scroll of acquirement {unknown}
 H - a scroll of noise {unknown}
 I - a scroll of enchant armour {unknown}
 P - a scroll of random uselessness {unknown}
 Q - a scroll of enchant weapon {unknown}
Potions
 h - 2 potions of invisibility {unknown}
 i - 5 potions of flight
 k - 2 potions of curing
 l - 2 potions of agility
 n - 3 potions of mutation
 u - a potion of heal wounds
 v - a potion of ambrosia {unknown}
 z - a potion of experience {unknown}
 C - 2 potions of might {unknown}
 E - a potion of brilliance {unknown}
 M - 2 potions of lignification {unknown}
 N - a potion of degeneration {unknown}
 O - a potion of haste {unknown}
Books
 t - a book of Cantrips

   Spells                             Type                      Level
   a - Confusing Touch                Hexes                        1
   b - Animate Skeleton               Necromancy                   1
   c - Summon Small Mammal            Summoning                    1
   d - Apportation                    Translocation                1
 F - a book of Changes

   Spells                             Type                      Level
   a - Beastly Appendage              Transmutation                1
   b - Sticks to Snakes               Transmutation                2
   c - Spider Form                    Transmutation/Poison         3
   d - Ice Form                       Ice/Transmutation            4
   e - Blade Hands                    Transmutation                5
Comestibles
 f - 13 rations


   Skills:
 + Level 6.9 Fighting
 + Level 4.0 Axes
 + Level 9.9 Staves
 + Level 2.8 Throwing
 + Level 5.0 Armour
 + Level 4.4 Dodging
 + Level 2.6 Stealth
 + Level 0.7 Evocations


You had 9 spell levels left.
You didn't know any spells.

Dungeon Overview and Level Annotations

Branches:
Dungeon (9/15)             Temple (1/1) D:5
   Lair: D:8-11         Orc: D:9-12

Altars:
Ashenzari
Cheibriados
Elyvilon
Fedhas
Gozag
Hepliaklqana
Kikubaaqudgha
Makhleb
Nemelex Xobeh
Okawaru
Qazlal
Ru
Sif Muna
Trog
Uskayaw
Wu Jian
Xom
Yredelemnul
Zin
The Shining One

Shops:
D:4 [   D:6 [


Innate Abilities, Weirdness & Mutations

You have hooves in place of feet.
Armour fits poorly on your strangely shaped body.
You cover ground very quickly.
You have extremely tough skin. (AC +3)


Message History

You sock the yak! You kick the yak, but do no damage.
The yak is almost dead.
The yak gores you.
* * * LOW HITPOINT WARNING * * *
You completely miss the yak. You kick the yak!
The yak is almost dead.
The yak gores you.
* * * LOW HITPOINT WARNING * * *
You sock the yak!
You feel better.
You kill the yak!
The Council accepts your kill.
Your Armour skill increases to level 5!
The centaur shoots an arrow.
The arrow hits you but does no damage.
You see here an arrow.
The centaur shoots an arrow.
The arrow hits you!
* * * LOW HITPOINT WARNING * * *
You see here an arrow.
A hungry ghost comes into view.
The centaur shoots an arrow.
The arrow hits you.
You die...

##....#............Y.####.#.#....
#.##.#........###........###.#..
#.##.#........# #.######.....#.#
#.##.#........# #c#... #.#####.#
#.##.############.#.## #. #.#
#.##...W.........Y...# #. #+#
#.##########.........# #. . #.#
#.........# #. .. ##.#
#...@...### #. .. ...#
#...........#Y .# ####
############


You could see a yak and a centaur.

Vanquished Creatures
  A two-headed ogre (D:8)
  Pikel (D:7)
  Prince Ribbit (D:7)
  A hornet (D:7)
  A hippogriff (D:8)
  3 yaks (D:9)
  A water moccasin (D:5)
  An orc warrior (D:7)
  2 ice beasts (D:5)
  4 phantoms
  A slave (D:7)
  7 ogres
  A centaur (D:6)
  A crocodile (D:9)
  4 big kobolds (Sewer)
  Blork the orc (D:7)
  7 bullfrogs
  An elf zombie (Ossuary)
  A wyvern zombie (D:7)
  A scorpion (D:9)
  7 killer bees (D:9)
  2 howler monkeys
  3 crimson imps
  5 hounds
  2 quasits
  2 jellies
  2 orc priests
  Crazy Yiuf (D:2)
  2 centaur zombies
  4 orc wizards
  A centaur skeleton (D:7)
  Ijyb (D:4)
  5 iguanas
  10 worker ants
  4 big kobold zombies (Ossuary)
  2 mummies (Ossuary)
  A howler monkey zombie (D:8)
  A howler monkey skeleton (D:4)
  12 adders
  A shadow imp (D:5)
  2 adder skeletons
  An adder zombie (D:7)
  2 worms
  4 dart slugs
  5 leopard geckos
  19 orcs
  6 ball pythons
  11 giant cockroaches
  5 goblins
  7 hobgoblins
  20 jackals
  5 quokkas
  9 bats
  4 frilled lizards
  2 gnoll zombies (Ossuary)
  2 goblin zombies (Ossuary)
  A hobgoblin zombie (Ossuary)
  8 kobolds
  A leopard gecko skeleton (D:6)
  2 leopard gecko zombies
  3 orc zombies (Ossuary)
  8 rats
236 creatures vanquished.

Vanquished Creatures (others)
  2 slaves (D:7)
  A bullfrog (D:7)
3 creatures vanquished.

Grand Total: 239 creatures vanquished

Notes
Turn   | Place    | Note
-------+----------+-------------------------------------------
     0 | D:1      | Alh the Centaur Gladiator began the quest for the Orb.
     0 | D:1      | Reached XP level 1. HP: 17/17 MP: 1/1
    88 | D:1      | Reached XP level 2. HP: 22/24 MP: 2/2
   437 | D:1      | Reached XP level 3. HP: 29/29 MP: 3/3
  1084 | D:2      | Reached XP level 4. HP: 20/37 MP: 4/4
  1184 | D:2      | Found a runed door.
  1188 | D:2      | Noticed Crazy Yiuf
  1194 | D:2      | Killed Crazy Yiuf
  1949 | D:3      | Reached XP level 5. HP: 44/44 MP: 5/5
  2086 | D:4      | Found a sand-covered staircase.
  2091 | Ossuary  | Entered an ossuary
  2122 | Ossuary  | Reached skill level 1 in Armour
  2147 | Ossuary  | Reached skill level 1 in Staves
  2157 | Ossuary  | Reached skill level 2 in Staves
  2157 | Ossuary  | Reached XP level 6. HP: 5/50 MP: 6/6
  2498 | D:4      | Found Ymiu's Antique Armour Shoppe.
  2503 | D:4      | Bought a distressingly furry ring mail for 252 gold pieces
  2513 | D:4      | Identified the +0 ring mail of Birdsong {Dex+9} (You bought it in a shop on level 4 of the Dungeon)
  2623 | D:4      | Reached skill level 3 in Staves
  2683 | D:4      | Reached skill level 4 in Staves
  2683 | D:4      | Reached XP level 7. HP: 49/57 MP: 7/7
  2859 | D:4      | Reached skill level 5 in Staves
  2963 | D:4      | Noticed Ijyb
  2976 | D:4      | Killed Ijyb
  3380 | D:5      | Entered Level 5 of the Dungeon
  3386 | D:5      | Reached XP level 8. HP: 66/66 MP: 8/8
  3439 | D:5      | Found a stormy altar of Qazlal.
  3455 | D:5      | Reached skill level 6 in Staves
  3494 | D:5      | Found a staircase to the Ecumenical Temple.
  3735 | D:5      | Found a glowing drain.
  3767 | Sewer    | Entered a sewer
  4021 | Sewer    | Reached skill level 1 in Stealth
  4427 | D:5      | Reached skill level 7 in Staves
  4551 | D:5      | Reached XP level 9. HP: 36/73 MP: 9/9
  4899 | D:6      | Noticed Blork the orc
  5064 | D:6      | Reached skill level 5 in Fighting
  5300 | D:6      | Found Fiudgh Ones's Antique Armour Emporium.
  5711 | Temple   | Entered the Ecumenical Temple
  5882 | Temple   | Became a worshipper of the Wu Jian Council
  6088 | D:7      | Found an ancient bone altar of Kikubaaqudgha.
  6144 | D:7      | Reached skill level 8 in Staves
  6428 | D:7      | Noticed Pikel
  6450 | D:7      | Killed Pikel
  6622 | D:7      | Killed Blork the orc
  6637 | D:7      | Noticed Prince Ribbit
  6800 | D:7      | Killed Prince Ribbit
  6806 | D:7      | Reached XP level 10. HP: 75/83 MP: 10/10
  7004 | D:7      | Reached * piety under Wu Jian
  7010 | D:7      | Paralysed by a hornet for 2 turns
  7016 | D:7      | Reached skill level 9 in Staves
  7726 | D:8      | Found a glowing golden altar of the Shining One.
  7797 | D:8      | Noticed a two-headed ogre
  7862 | D:8      | Killed a two-headed ogre
  8250 | D:9      | Noticed a two-headed ogre
  8262 | D:9      | HP: 3/84 [two-headed ogre/giant club (3)]
  8888 | D:9      | Reached ** piety under Wu Jian
  8915 | D:9      | Reached skill level 5 in Armour
  8925 | D:9      | HP: 4/84 [centaur/arrow (10)]
  8934 | D:9      | Shot with an arrow by a centaur

Skill      XL: |  1  2  3  4  5  6  7  8  9 10 |
---------------+-------------------------------+-----
Axes           | 3 4 |  4.0
Armour         | 1 2 3 4 5 |  5.0
Staves         | 2 4 5 7 8 9 |  9.9
Fighting       | 3 4 6 |  6.9
Dodging        | 3 4 |  4.4
Stealth        | 1 2 |  2.6
Throwing       | |  2.8
Evocations     | |  0.7

Action                   |  1- 3 |  4- 6 |  7- 9 | 10-12 || total
-------------------------+-------+-------+-------+-------++-------
Melee: War axe           |    90 |    12 |       |       ||   102
       Kick              |    25 |    33 |   102 |    59 ||   219
       Quarterstaff      |       |   134 |   286 |   137 ||   557
Throw: Throwing net      |     2 |     2 |       |       ||     4
Invok: Lunge             |       |       |     7 |    20 ||    27
Evoke: Wand              |       |       |     4 |       ||     4
  Use: Scroll            |     2 |     3 |     4 |     4 ||    13
       Potion            |       |       |     5 |     4 ||     9
 Stab: Held in net/web   |       |     1 |       |       ||     1
       Paralysed         |       |     1 |       |       ||     1
       Confused          |       |       |     2 |       ||     2
       Petrifying        |       |       |     5 |       ||     5
       Petrified         |       |       |     1 |       ||     1
       Sleeping          |       |       |       |     2 ||     2
  Eat: Ration            |       |     1 |     3 |     1 ||     5
       Chunk             |       |       |     2 |     1 ||     3
Armor: Leather armour    |    15 |       |       |       ||    15
       Scale mail        |    15 |    37 |       |       ||    52
       Ring mail         |       |     8 |    97 |    34 ||   139
Dodge: Dodged            |    50 |    74 |   138 |    59 ||   321
